 Dungeon Crawl Stone Soup version 0.29-a0-923-g6e406bff71 (webtiles) character file.

Game seed: 8849564191113723089

10 IdlyInterested the Firebug (level 2, 0/20 HPs)
             Began as a Demonspawn Wanderer on July 27, 2022.
             Killed from afar by Robin (8 damage)
             ... with a puff of flame
             ... on level 1 of the Dungeon.
             The game lasted 00:03:58 (660 turns).

IdlyInterested the Firebug (Demonspawn Wanderer)     Turns: 660, Time: 00:03:59

Health: 0/20       AC:  4    Str: 12    XL:     2   Next: 10%
Magic:  0/3        EV: 11    Int: 14    God:
Gold:   40         SH:  4    Dex: 11    Spells: 2/3 levels left

rFire   . . .      SeeInvis .   (no weapon)
rCold   . . .      Faith    .   d - +0 buckler
rNeg    . . .      Spirit   .   p - +0 robe
rPois   .          Reflect  .   m - +2 hat
rElec   .          Harm     .   g - scarf {shadows}
rCorr   .          Rampage  .   (no gloves)
Will    .....                   (no boots)
Stlth   +.........              (no amulet)
HPRegen 0.06/turn               (no ring)
MPRegen 0.08/turn               (no ring)

@: no status effects
A: claws 1
a: no special abilities


You were on level 1 of the Dungeon.
You visited 1 branch of the dungeon, and saw 2 of its levels.

You collected 40 gold pieces.

Inventory:

Hand Weapons
 a - a +0 club
 c - a +0 dagger
Missiles
 l - a throwing net
Armour
 d - a +0 buckler (worn)
 g - a scarf of shadows (worn)
 m - a +2 hat (worn)
 o - a +0 leather armour
 p - a +0 robe (worn)
Scrolls
 f - a scroll of vulnerability {unknown}
 h - a scroll of silence {unknown}
 j - a scroll of identify {unknown}
Potions
 b - a potion of heal wounds
 e - a potion of curing {unknown}
 i - 2 potions of might {unknown}
 k - 2 potions of degeneration {unknown}
 n - a potion of lignification {unknown}


   Skills:
 - Level 0.5 Fighting
 + Level 0.6 Armour
 - Level 1.0 Dodging
 - Level 1.7 Shields
 * Level 0.0 Unarmed Combat
 - Level 1.0 Spellcasting
 - Level 1.0 Translocations
 + Level 3.8 Fire Magic
 - Level 1.2 Invocations


You had 2 spell levels left.
You knew the following spells:

 Your Spells              Type           Power      Damage    Failure   Level
a - Foxfire               Conj/Fire      24%        2x1d5     16%         1

Your spell library contained the following spells:

 Spells                   Type           Power      Damage    Failure   Level
 Apportation              Tloc           6%         N/A       22%         1
 Ignite Poison            Fire/Tmut/Pois 4%         N/A       52%         3
 Teleport Other           Tloc           3%         N/A       56%         3
 Sticky Flame             Conj/Fire      6%         2d3       83%         4


Dungeon Overview and Level Annotations

Branches:
Dungeon (2/15)

Altars:

Annotations:
D:1 Robin


Innate Abilities, Weirdness & Mutations

You have sharp fingernails.


Message History

You start resting.
HP restored.
There is a stone staircase leading down here.
You climb downwards.
Level annotation: Robin
There is a stone staircase leading up here.
Robin roars a battlecry!
The goblins go into a battle-frenzy!
You climb upwards.
There is a stone staircase leading down here.
Casting: Foxfire (safe; 16% risk of failure)
Press: ? - help, Q - select action, (/) - cycle Dir - look around, f - activate You conjure some foxfire!
You block Robin's attack.
You scratch Robin but do no damage.
The foxfire hits Robin.
Robin is moderately wounded.
Robin zaps a wand.
The puff of flame misses you.
Casting: Foxfire (safe; 16% risk of failure)
Press: ? - help, Q - select action, (/) - cycle Dir - look around, f - activate You conjure some foxfire!
Robin hits you with a +0 short sword.
You scratch Robin.
Robin is heavily wounded.
The foxfire hits Robin but does no damage.
Robin is heavily wounded.
Robin says, "A pitiful Demonspawn like you will never find the ORB!"
Robin hits you with a +0 short sword.
Casting: Foxfire (safe; 16% risk of failure)
Press: ? - help, Q - select action, (/) - cycle Dir - look around, f - activate You conjure some foxfire!
Robin hits you with a +0 short sword.
You closely miss Robin.
Robin is heavily wounded.
The foxfire hits Robin but does no damage.
Robin is heavily wounded.
Robin zaps a wand.
The puff of flame hits you!
You scratch Robin.
Robin is severely wounded.
Robin zaps a wand.
The puff of flame hits you!
You die...

######## #...[..#
#######......#####
#@g...'......'....
#†#####......#####
#.................
#.##....########..
#.##....# #.....
####.##....#####.....
#..........'.........
#..........####......
#..........# #......


You could see Robin.

Vanquished Creatures
  4 bats (D:1)
  A goblin (D:1)
  A hobgoblin (D:1)
  2 quokkas (D:1)
  A ball python (D:1)
9 creatures vanquished.

Vanquished Creatures (others)
  12 foxfires (D:1)
12 creatures vanquished.

Grand Total: 21 creatures vanquished

Notes
Turn   | Place    | Note
-------+----------+-------------------------------------------
     0 | D:1      | IdlyInterested the Demonspawn Wanderer began the quest for
                  | the Orb.
     0 | D:1      | IdlyInterested set off with the following items: a +0 club,
                  | a potion of heal wounds, a +0 robe, a +0 buckler; and the
                  | following spells available to memorise: Foxfire,
                  | Apportation, Ignite Poison, Teleport Other, Sticky Flame.
     0 | D:1      | Reached XP level 1. HP: 13/13 MP: 2/2
     8 | D:1      | Learned a level 1 spell: Foxfire
   404 | D:1      | Found a faded altar of an unknown god.
   442 | D:1      | Gained mutation: You have sharp fingernails. [demonic
                  | ancestry]
   442 | D:1      | Reached XP level 2. HP: 19/20 MP: 0/3
   586 | D:2      | Noticed Robin
   660 | D:1      | Killed from afar by Robin

Illustrated notes

Levels and vault maps discovered:
D:1:      grunt_arrival_lava_bath, layout_basic, basic_ecumenical_altar
D:2:      layout_basic, uniq_jessica, uniq_robin

Action                   || total
-------------------------++-------
Melee: Club              ||    13
       Unarmed           ||     9
 Cast: Foxfire           ||     9
 Stab: Sleeping          ||     1
Armor: Robe              ||     3
Dodge: Dodged            ||    17
Block: Buckler           ||     1

Table legend: (Time is in decaauts)
 A = Elapsed time spent in this place.
 B = Non-inter-level travel time spent in this place.
 C = Inter-level travel time spent in this place.
 D = Time resting spent in this place.
 E = Time spent auto-exploring this place.
 F = Levels seen in this place.
 G = Mean time per level.
                   A        B        C        D        E       F      G
               +--------+--------+--------+--------+--------+-----+--------+
         Total |    665 |    627 |     38 |    237 |    230 |   2 |  332.5 |
       Dungeon |    665 |    627 |     38 |    237 |    230 |   2 |  332.5 |
               +--------+--------+--------+--------+--------+-----+--------+

Top non-repeatable levels by time:
     D:1: 660 daAuts
     D:2: 4 daAuts
